 Dungeon Crawl Stone Soup version 0.28.0-43-g3370ac3207 (webtiles) character file.

Game seed: 17266633948549603741

18 Descartes the Skirmisher (level 2, -2/14 HPs)
             Began as a Felid Wanderer on Mar 13, 2022.
             Frozen to death by an endoplasm (4 damage)
             ... on level 1 of the Dungeon.
             The game lasted 00:02:22 (553 turns).

Descartes the Skirmisher (Felid Wanderer)            Turns: 553, Time: 00:02:23

Health: -2/14      AC:  1    Str:  9    XL:     2   Next: 48%
Magic:  4/4        EV: 17    Int: 15    God:
Gold:   37         SH:  0    Dex: 12    Spells: 2/3 levels left
                                        Lives:  0   Deaths: 0

rFire   . . .      SeeInvis +   (weapon unavailable)
rCold   . . .      Faith    .   (shield unavailable)
rNeg    . . .      Spirit   .   (armour unavailable)
rPois   .          Reflect  .   (helmet unavailable)
rElec   .          Harm     .   (cloak unavailable)
rCorr   .          Rampage  .   (gloves unavailable)
Will    .....                   (boots unavailable)
Stlth   ++........              (no amulet)
HPRegen 0.04/turn               (no ring)
MPRegen 0.09/turn               (no ring)

@: quick
A: very small, claws 1, fangs 3, see invisible, speed 1, shaggy fur 1, stealthy
paws, no weapons or thrown items, no armour, multi-lived
a: no special abilities


You were on level 1 of the Dungeon.
You visited 1 branch of the dungeon, and saw 1 of its levels.

You collected 37 gold pieces.

Inventory:

Missiles
 c - 22 stones
Jewellery
 g - a +4 ring of evasion
 h - an amulet of magic regeneration
Scrolls
 a - a scroll of teleportation
 d - 2 scrolls of fog {unknown}
 e - a scroll of enchant armour {unknown}
Potions
 b - a potion of attraction
 f - a potion of haste {unknown}


   Skills:
 + Level 3.1 Fighting
 + Level 2.9 Dodging
 + Level 1.0 Stealth
 + Level 0.6 Unarmed Combat
 - Level 1.0 Spellcasting
 + Level 0.8 Translocations
 + Level 0.4 Transmutations
 - Level 1.7 Air Magic
 + Level 2.1 Invocations


You had 2 spell levels left.
You knew the following spells:

 Your Spells              Type           Power      Damage    Failure   Level
a - Shock                 Conj/Air       12%        1d3       17%         1

Your spell library contained the following spells:

 Spells                   Type           Power      Damage    Failure   Level
 Corpse Rot               Necr/Air       6%         N/A       26%         2
 Mephitic Cloud           Conj/Pois/Air  2%         N/A       50%         3


Dungeon Overview and Level Annotations

Branches:
Dungeon (1/15)

Altars:


Innate Abilities, Weirdness & Mutations

You have sharp claws.
You have razor-sharp teeth.
You have supernaturally acute eyesight. (SInv)
You cover ground quickly. (Speed+)
You are covered in fur. (AC +1)
Your paws help you pounce on unaware monsters.
You are incapable of wielding weapons or throwing items.
You cannot wear armour.
You gain extra lives every three experience levels.


Message History

The kobold barely misses you.
You scratch the kobold.
The kobold is severely wounded.
The kobold barely misses you.
You closely miss the kobold. You claw the kobold, but do no damage.
The kobold is severely wounded.
You scratch the bat.
The bat is severely wounded.
The bat closely misses you. The kobold misses you.
Your magical contamination has completely faded away.
You scratch the kobold.
You kill the kobold!
The kobold hits you with a +0 dagger.
Things that are here:
a +0 club; 4 stones; a kobold corpse You scratch the kobold but do no damage.
The kobold misses you.
You closely miss the kobold. The kobold hits you with a +0 dagger.
You scratch the kobold but do no damage.
The kobold completely misses you.
You scratch the kobold. You claw the kobold.
You kill the kobold!
The bat closely misses you. The bat closely misses you.
The endoplasm barely misses you.
Things that are here:
a +0 dagger; a ring of magical power; a kobold corpse You scratch the endoplasm but do no damage.
The bat completely misses you. The bat hits you. The endoplasm freezes you.
You are frozen.
* * * LOW HITPOINT WARNING * * *
The bat hits you but does no damage.
You scratch the bat.
You kill the bat!
Your Stealth skill increases to level 1!
An endoplasm is nearby!
The endoplasm completely misses you. The endoplasm freezes you.
You are frozen.
You die...

###############
#........#....#
#........#....# ..
........
#........#....####..#
#.......
#........#...@.......
........
#........#..J.....###
#......
######....>...#####
#......
#...J......########......
#.................J...†..
###.#......#######....$.#
#.#....#.#####.†.......
#..##.##.#...))#######.
##..#.......#### #.


You could see 2 endoplasms.

Vanquished Creatures
  3 bats (D:1)
  An endoplasm (D:1)
  2 giant cockroaches (D:1)
  A goblin (D:1)
  2 hobgoblins (D:1)
  A quokka (D:1)
  A ball python (D:1)
  A frilled lizard (D:1)
  2 kobolds (D:1)
  A rat (D:1)
15 creatures vanquished.

Notes
Turn   | Place    | Note
-------+----------+-------------------------------------------
     0 | D:1      | Descartes the Felid Wanderer began the quest for the Orb.
     0 | D:1      | Descartes set off with the following items: a scroll of
                  | teleportation, a potion of attraction; and the following
                  | spell memorised: Shock; and the following spells available
                  | to memorise: Corpse Rot, Mephitic Cloud
     0 | D:1      | Reached XP level 1. HP: 10/10 MP: 3/3
   215 | D:1      | Reached XP level 2. HP: 6/14 MP: 4/4
   533 | D:1      | Reached skill level 1 in Stealth
   553 | D:1      | Frozen to death by an endoplasm

Illustrated notes

Levels and vault maps discovered:
D:1:      matt_arrival_los_fun, layout_rooms

Skill      XL: |  1  2 |
---------------+-------+-----
Invocations    | 2 |  2.1
Stealth        | 1 |  1.0
Fighting       | |  3.1
Dodging        | |  2.9
Unarmed Combat | |  0.6
Spellcasting   | |  1.0
Translocations | |  0.8
Transmutations | |  0.4
Air Magic      | |  1.7

Action                   || total
-------------------------++-------
Melee: Unarmed           ||    54
       Bite              ||     5
       Punch             ||     2
 Stab: Sleeping          ||     1
       Distracted        ||     1
Armor: Skin              ||     9
Dodge: Dodged            ||    65
